 Dungeon Crawl Stone Soup version 0.19-a0-1394-g582fb70 (webtiles) character file.

727 FrankyJ the Conjurer (level 7, 0/36 HPs)
             Began as a Tengu Conjurer on Sept 3, 2016.
             Was an Initiate of Makhleb.
             Slain by an orc warrior
             ... wielding a +0 trident
              (17 damage)
             ... on level 6 of the Dungeon.
             The game lasted 00:17:08 (5956 turns).

FrankyJ the Conjurer (Tengu Conjurer)               Turns: 5956, Time: 00:17:09

Health: 0/36       AC:  4    Str:  8    XL:     7   Next: 72%
Magic:  9/16       EV: 14    Int: 17    God:    Makhleb [......]
Gold:   289        SH:  2    Dex: 15    Spells: 4 memorised, 5 levels left

rFire  . . .     SeeInvis .     A - +1 long sword
rCold  + . .     Gourm    .     C - +2 robe {MR+}
rNeg   . . .     Faith    .     (no shield)
rPois  .         Spirit   .     (helmet restricted)
rElec  .         Dismiss  .     (no cloak)
rCorr  .         Reflect  +     (no gloves)
MR     +....     Harm     .     (boots unavailable)
Stlth  ++........               e - +2 amulet of reflection
                                (no ring)
                                r - ring of protection from cold

@: no status effects
A: beak, talons 3, able to fly 1
a: Fly, Renounce Religion


You were on level 6 of the Dungeon.
You worshipped Makhleb.
Makhleb was noncommittal.
You were not hungry.

You visited 1 branch of the dungeon, and saw 6 of its levels.

You collected 289 gold pieces.

Inventory:

Hand Weapons
 A - a +1 long sword (weapon)
 I - a +0 short sword of speed
Missiles
 g - 27 poisoned needles
 F - 7 tomahawks (quivered)
Armour
 t - a +1 robe of fire resistance
 u - a cursed -1 leather armour
 C - a +2 robe of magic resistance (worn)
Jewellery
 e - a +2 amulet of reflection (around neck)
 p - an uncursed ring of teleportation
 r - a ring of protection from cold (left hand)
 G - an uncursed amulet of harm {unknown}
Wands
 H - a wand of slowing (27/48)
Scrolls
 a - a scroll of enchant armour
 f - 2 scrolls of remove curse
 h - a scroll of teleportation
 j - 6 scrolls of identify
 k - 2 scrolls of noise
 l - 2 scrolls of enchant weapon
 s - 2 scrolls of fog
 y - 2 scrolls of recharging
 z - 3 scrolls of magic mapping
 E - a scroll of fear
Potions
 d - a potion of agility {unknown}
 i - a potion of degeneration {unknown}
 n - a potion of magic {unknown}
 o - 5 potions of curing {unknown}
 q - 2 potions of haste {unknown}
 x - a potion of mutation {unknown}
 B - a potion of brilliance {unknown}
Books
 b - a book of Conjurations

   Spells                             Type                      Level
   a - Magic Dart                     Conjuration                  1
   b - Searing Ray                    Conjuration                  2
   c - Dazzling Spray                 Conjuration/Hexes            3
   d - Fulminant Prism                Conjuration/Hexes            4
   e - Iskenderun's Mystic Blast      Conjuration                  4
   f - Iskenderun's Battlesphere      Conjuration/Charms           5
 w - a book of Flames

   Spells                             Type                      Level
   a - Flame Tongue                   Conjuration/Fire             1
   b - Throw Flame                    Conjuration/Fire             2
   c - Conjure Flame                  Conjuration/Fire             3
   d - Inner Flame                    Hexes/Fire                   3
   e - Sticky Flame                   Conjuration/Fire             4
   f - Fireball                       Conjuration/Fire             5
Comestibles
 c - 9 bread rations
 m - 4 meat rations
 v - 3 beef jerkies
 D - 4 fruits
 J - a chunk of flesh


   Skills:
 - Level 4.0 Dodging
 - Level 2.0 Stealth
 + Level 5.6 Spellcasting
 + Level 6.2 Conjurations
 * Level 2.7 Hexes
 + Level 0.9 Fire Magic
 + Level 0.6 Invocations


You had 5 spell levels left.
You knew the following spells:

 Your Spells              Type           Power        Failure   Level  Hunger
a - Magic Dart            Conj           ####         1%          1    None
b - Searing Ray           Conj           ####..       1%          2    #......
c - Fulminant Prism       Conj/Hex       ###.......   24%         4    ####...
d - Fireball              Conj/Fire      ###.......   89%         5    ######.


Dungeon Overview and Level Annotations

Branches:
Dungeon (6/15)             Temple (0/1) D:6

Altars:
Fedhas
Gozag
Makhleb

Shops:
D:6 (


Innate Abilities, Weirdness & Mutations

You have a beak for a mouth.
You have claws for feet.
You can fly.


Message History

Unknown command.
Casting: Fulminant Prism
Confirm with . or Enter, or press ? or * to list all spells.
Aiming: Fulminant Prism
Press: ? - help, Dir - move target cursor You conjure a prism of explosive energy!
The orc warrior closely misses you.
An orc opens the door.
Casting: Fulminant Prism
Confirm with . or Enter, or press ? or * to list all spells.
Aiming: Searing Ray
Press: ? - help, Shift-Dir - straight line, f - orc warrior
Aim: an orc warrior, wielding a trident and wearing a chain mail The searing ray hits the orc warrior.
The orc warrior is moderately wounded.
The orc warrior hits you from afar with a trident!!
Ouch! That really hurt!
Your fulminant prism crackles loudly.
The searing ray misses the orc warrior.
The orc warrior hits you from afar with a trident!
You die...

. #....# #.....#
.###..^.###.....##
.................#
####....########.########
#.....................
####.###########.########
....>....................
.##.##.#########.########
#.:.#.# #@# #...#.# #.#
#...#.#


#oo .###.#.# ##o# .......# *. ####.### .∩. .....# .... ###### .#... ...... You
could see an orc warrior, 2 orcs and a friendly fulminant prism.

Vanquished Creatures
  A sky beast (D:5)
  A centaur (D:5)
  Blork the orc (D:4)
  A giant frog (D:6)
  A crimson imp (D:5)
  An orc priest (D:5)
  A hound (D:5)
  A centaur skeleton (D:5)
  An orc wizard (D:3)
  An iguana (D:4)
  4 worker ants (D:5)
  A hound skeleton (D:4)
  5 adders
  An ooze (D:4)
  4 worms
  5 giant geckos
  11 orcs
  A ball python (D:4)
  4 giant cockroaches
  4 goblins
  5 hobgoblins
  5 jackals
  A quokka (D:3)
  6 bats
  7 giant newts
  10 kobolds
  9 rats
  2 plants (D:3)
95 creatures vanquished.

Vanquished Creatures (others)
  A fulminant prism (D:5)
1 creature vanquished.

Grand Total: 96 creatures vanquished

Notes
Turn   | Place    | Note
-------+----------+-------------------------------------------
     0 | D:1      | FrankyJ the Tengu Conjurer began the quest for the Orb.
     0 | D:1      | Reached XP level 1. HP: 10/10 MP: 4/4
   114 | D:1      | Reached XP level 2. HP: 14/15 MP: 1/6
   118 | D:1      | Learned a level 2 spell: Searing Ray
   825 | D:2      | Reached XP level 3. HP: 13/19 MP: 4/8
  1612 | D:2      | Found a blossoming altar of Fedhas.
  1757 | D:3      | You fall through a shaft!
  1827 | D:3      | Reached XP level 4. HP: 24/24 MP: 6/10
  2280 | D:3      | Learned a level 4 spell: Fulminant Prism
  2646 | D:3      | Gained mutation: You can fly. [Tengu growth]
  2646 | D:3      | Reached XP level 5. HP: 28/28 MP: 8/12
  3509 | D:4      | Noticed Blork the orc
  3517 | D:4      | Killed Blork the orc
  3590 | D:4      | Found an opulent altar of Gozag.
  3712 | D:4      | Reached XP level 6. HP: 32/32 MP: 11/14
  4023 | D:5      | Entered Level 5 of the Dungeon
  4028 | D:5      | Noticed a sky beast
  4037 | D:5      | Killed a sky beast
  4037 | D:5      | Reached skill level 5 in Spellcasting
  4037 | D:5      | Reached skill level 1 in Hexes
  4685 | D:5      | Reached XP level 7. HP: 36/36 MP: 5/16
  4766 | D:5      | Found a burning altar of Makhleb.
  4766 | D:5      | Noticed a cacodemon
  4771 | D:5      | Noticed a ynoxinul
  4771 | D:5      | Noticed a hellwing
  4907 | D:5      | Became a worshipper of Makhleb the Destroyer
  5209 | D:5      | Learned a level 5 spell: Fireball
  5214 | D:5      | Reached skill level 6 in Conjurations
  5692 | D:6      | Found a staircase to the Ecumenical Temple.
  5951 | D:6      | Found Waittoru's Weapon Emporium.
  5956 | D:6      | Slain by an orc warrior

Vault maps used:
D:1:      dpeg_arrival_central
D:2:      fedhas_altar_3, first_bread
D:3:      lexackson_kobold_supper
D:4:      grunt_gozag_breadcrumbs, uniq_blork_the_orc
D:5:      grunt_ministairs_10, makhleb_altar_promises_db
D:6:      serial_shops, nicolae_shop_stone, kennysheep_generic_room_10

Skill      XL: |  1  2  3  4  5  6  7 |
---------------+----------------------+-----
Spellcasting   | 3 4 5 |  5.6
Dodging        | 3 4 |  4.0
Hexes          | 2 |  2.7
Conjurations   | 6 |  6.2
Stealth        | |  2.0
Fire Magic     | |  0.9
Invocations    | |  0.6

Action                   |  1- 3 |  4- 6 |  7- 9 || total
-------------------------+-------+-------+-------++-------
Melee: Dagger            |    63 |   204 |       ||   267
       Unarmed           |     1 |       |       ||     1
       Kick              |    15 |   102 |     1 ||   118
       Peck              |     7 |    65 |     1 ||    73
       Long sword        |       |    20 |     6 ||    26
 Cast: Magic Dart        |    23 |    19 |     3 ||    45
       Searing Ray       |    18 |    28 |     7 ||    53
       Fulminant Prism   |       |       |     2 ||     2
  Use: Scroll            |     1 |     9 |     1 ||    11
 Stab: Sleeping          |     3 |     1 |     1 ||     5
  Eat: Chunk             |     4 |    10 |     4 ||    18
Armor: Robe              |    11 |    15 |     1 ||    27
Dodge: Dodged            |    60 |    34 |    11 ||   105
Block: Other             |     5 |     2 |     1 ||     8
       Reflection        |       |       |     1 ||     1
